 Seeded DCSS version 0.31-a0-233-g139696dc86 (webtiles) character file.

Game seed: 13427028259722252286 (custom seed)

8363 innerfire43 the Demonic Catastrophe (level 11, -1/81 HPs)
             Began as a Demonspawn Monk on July 7, 2023.
             Was an Elder of Qazlal.
             Slain by a nine-headed hydra (2 damage)
             ... on level 2 of the Lair of Beasts.
             The game lasted 00:12:03 (9562 turns).

innerfire43 the Demonic Catastrophe (DsMo)          Turns: 9562, Time: 00:12:04

Health: -1/81      AC: 13    Str: 16    XL:     11   Next: 8%
Magic:  17/17      EV: 25    Int: 11    God:    Qazlal [****..]
Gold:   558        SH:  5    Dex: 16    Spells: 16/18 levels left

rFire   . . .        I - +7 war axe
rCold   . . .        d - orb {light}
rNeg    . . .        F - +0 steam dragon scales
rPois   .            l - +0 helmet
rElec   .            f - +0 cloak
rCorr   .            g - +0 pair of gloves
SInv    .            q - +0 pair of boots
Will    .....        (no amulet)
Stlth   +            D - +4 ring of slaying
HPRegen 0.33/turn    y - +5 ring of evasion
MPRegen 0.15/turn

%: repel missiles
@: mighty, agile, wereblooded, glowing
A: thin metallic scales 1, demonic guardian 2, powered by pain 1, weakness
stinger 2
a: Renounce Religion, Upheaval, Elemental Force


You were on level 2 of the Lair of Beasts.
You worshipped Qazlal.
Qazlal was greatly pleased with you.
You visited 3 branches of the dungeon, and saw 11 of its levels.
You also visited: Ossuary.

You collected 558 gold pieces.

Inventory:

Hand Weapons
 a - a +0 hand axe
 u - a +0 war axe
 I - a +7 war axe (weapon)
Missiles
 K - a throwing net
Armour
 b - a +0 robe
 d - an orb of light (worn)
 f - a +0 cloak (worn)
 g - a +0 pair of gloves (worn)
 l - a +0 helmet (worn)
 q - a +0 pair of boots (worn)
 v - the +0 helmet "Porrityl" {-Cast +Blink rN+ Will+}
   (You found it on level 1 of the Lair of Beasts)

   rN:        It protects you from negative energy.
   +Blink:    It lets you blink.
   -Cast:     It prevents spellcasting.
   Will:      It increases your willpower.
 F - +0 steam dragon scales (worn)
Jewellery
 m - a +6 ring of strength
 p - a ring of willpower
 y - a +5 ring of evasion (right hand)
 D - a +4 ring of slaying (left hand)
 E - the ring of Otweirou {Will++ Int+6 Dex+4}
   (You found it on level 5 of the Dungeon)

   [ring of intelligence]

   Int:       It affects your intelligence (+6).
   Dex:       It affects your dexterity (+4).
   Will:      It greatly increases your willpower.
 L - a +6 ring of intelligence
Wands
 t - a wand of mindburst (10)
 H - a wand of charming (14)
Scrolls
 h - a scroll of revelation
 i - 5 scrolls of teleportation
 k - 4 scrolls of immolation
 n - 6 scrolls of identify
 r - 2 scrolls of poison
 C - 3 scrolls of fog
Potions
 c - 10 potions of ambrosia
 e - 2 potions of attraction {unknown}
 j - 2 potions of resistance {unknown}
 o - 2 potions of curing {unknown}
 s - 3 potions of cancellation {unknown}
 w - a potion of magic {unknown}
 x - 2 potions of heal wounds {unknown}
 z - a potion of might
 A - 2 potions of enlightenment {unknown}
 B - a potion of mutation {unknown}
 G - a potion of lignification {unknown}
 J - 2 potions of haste {unknown}


   Skills:
 - Level 6.2 Fighting
 + Level 7.8 Axes
 * Level 7.1 Armour
 + Level 7.0 Dodging
 - Level 4.2 Spellcasting
 - Level 4.1 Transmutations
 * Level 8.8 Invocations


You had 16 spell levels left.
You knew the following spells:

 Your Spells              Type           Power      Damage    Failure   Level
a - Wereblood             Tmut           11%        N/A       6%          2

Your spell library contained the following spells:

 Spells                   Type           Power      Damage    Failure   Level
 Beastly Appendage        Tmut           22%        N/A       4%          1
 Magic Dart               Conj           8%         1d3       24%         1
 Spider Form              Tmut/Pois      6%         N/A       30%         3
 Call Imp                 Summ           4%         N/A       34%         2
 Mephitic Cloud           Conj/Pois/Air  2%         N/A       56%         3
 Vhi's Electric Charge    Tloc/Air       4%         N/A       56%         3
 Olgreb's Toxic Radiance  Pois           2%         N/A       93%         4
 Arcjolt                  Conj/Air       1%         1d11      100%        5
 Plasma Beam              Fire/Air       1%         2x1d11    100%        6
 Discord                  Hex            1%         N/A       100%        8
 Ignition                 Fire           1%         3d3       100%        8


Dungeon Overview and Level Annotations

Branches:
Dungeon (8/15)             Temple (1/1) D:5            Lair (2/5) D:8
Ossuary (visited)
  Swamp: Lair:2-3    Shoals: Lair:2-3     Snake: Lair:2-3    Spider: Lair:2-3

Altars:
Ashenzari
Cheibriados
Dithmenos
Fedhas
Gozag
Hepliaklqana
Makhleb
Nemelex Xobeh
Okawaru
Qazlal
Ru
Sif Muna
Trog
Uskayaw
Vehumet
Wu Jian
Xom
Yredelemnul

Shops:
D:1 (   D:2 :   D:7 (   D:8 *

Portals:
Abyss: D:4

Annotations:
D:4 2 transporters, chud's ghost, amateur HuWn


Innate Abilities, Weirdness & Mutations

You are partially covered in thin metallic scales. (AC +2)
A demonic guardian rushes to your aid.
You sometimes gain a little power by taking damage.
You have a tail ending in a sharp stinger.


Message History

You hit the eight-headed hydra.
The eight-headed hydra is lightly wounded.
The eight-headed hydra bites you! The eight-headed hydra misses you.
The eight-headed hydra bites you.
The eight-headed hydra bites you but does no damage. x2
The eight-headed hydra bites you. The eight-headed hydra misses you.
The eight-headed hydra bites you but does no damage.
You are too injured to fight recklessly!
Unknown command.
You are too injured to fight recklessly!
The cane toad barely misses you.
You hit the cane toad.
Your tail-slap misses the cane toad.
The cane toad is lightly wounded.
You hack one of the eight-headed hydra's heads off!
The seven-headed hydra grows two more!
You slash the nine-headed hydra! You block the cane toad's attack.
The nine-headed hydra misses you. The nine-headed hydra bites you!
A demonic guardian appears!
The nine-headed hydra misses you. The nine-headed hydra bites you.
You block the nine-headed hydra's attack.
The nine-headed hydra bites you but does no damage.
The nine-headed hydra completely misses you.
The nine-headed hydra bites you but does no damage.
The nine-headed hydra misses you. The cane toad completely misses you.
It was a potion of might.
You feel very mighty all of a sudden. The nine-headed hydra bites you.
* * * LOW HITPOINT WARNING * * *
The nine-headed hydra bites you but does no damage.
The nine-headed hydra bites you.
* * * LOW HITPOINT WARNING * * *
The nine-headed hydra bites you but does no damage.
You block the nine-headed hydra's attack.
The nine-headed hydra bites you!
* * * LOW HITPOINT WARNING * * *
You focus on the pain.
You feel agile all of a sudden. The nine-headed hydra bites you!
* * * LOW HITPOINT WARNING * * *
The nine-headed hydra misses you. The nine-headed hydra bites you.
You die...

... ⌠.. .... ..
#... ..! #..?##
#... #..... #...#
..#...4#####...#
.....§†D@F....#..
....#....○.....#
. ###.°<.##...
###.## . ..# ....
..###. ... ..
.... .


You could see a nine-headed hydra (ally target), a cane toad and a friendly
hellwing (summoned).

Vanquished Creatures
  2 black mambas (Lair:1)
  A rime drake (Lair:2)
  3 komodo dragons
  A queen bee (Lair:1)
  A troll (D:7)
  Prince Ribbit (D:7)
  A shadow (D:8)
  2 basilisks (Lair:1)
  2 wyverns
  2 steam dragons
  Menkaure (D:6)
  2 swamp worms (Lair:1)
  3 water moccasins (Lair:1)
  A black bear (Lair:1)
  An ogre (D:4)
  2 centaurs
  2 phantoms
  4 bullfrogs
  An elf zombie (Ossuary)
  2 kobold brigands (D:8)
  A gnoll sergeant (D:8)
  7 wights
  19 killer bees (Lair:1)
  A howler monkey (D:8)
  A human zombie (Ossuary)
  2 orc priests
  5 hounds
  4 jellies
  5 sleepcaps
  An iguana (D:6)
  7 orc wizards
  Natasha (D:2)
  4 mummies (Ossuary)
  8 adders
  7 gnolls
  A shadow imp (D:5)
  5 ufetubi
  A worm (D:4)
  3 dart slugs
  22 orcs
  3 bats
  8 endoplasms
  4 giant cockroaches
  7 goblins
  3 hobgoblins
  4 quokkas
  5 ball pythons
  5 frilled lizards (D:1)
  3 gnoll zombies (Ossuary)
  A goblin zombie (Ossuary)
  2 hobgoblin zombies (Ossuary)
  26 kobolds
  2 kobold zombies (Ossuary)
  An orc zombie (Ossuary)
  7 rats
  3 rat zombies
224 creatures vanquished.

Vanquished Creatures (collateral kills)
  A demonic crawler (Lair:1)
  Maurice (D:8)
  A polar bear (Lair:1)
  A jelly (D:5)
  Natasha (twice) (D:2)
6 creatures vanquished.

Grand Total: 230 creatures vanquished

Notes
Turn   | Place    | Note
-------+----------+-------------------------------------------
     0 | D:1      | innerfire43 the Demonspawn Monk began the quest for the
                  | Orb.
     0 | D:1      | Reached XP level 1. HP: 18/18 MP: 1/1
   197 | D:1      | Gained mutation: You are partially covered in thin metallic
                  | scales. (AC +2) [demonic ancestry]
   197 | D:1      | Reached XP level 2. HP: 24/24 MP: 2/2
   600 | D:1      | Gained mutation: A weak demonic guardian rushes to your
                  | aid. [demonic ancestry]
   600 | D:1      | Reached XP level 3. HP: 25/29 MP: 3/3
   622 | D:1      | Found Foghidol's Weapon Shoppe.
   966 | D:2      | Noticed Natasha
   974 | D:2      | Killed Natasha
  1280 | D:2      | Noticed Natasha
  1291 | D:2      | Killed Natasha
  1292 | D:2      | Reached XP level 4. HP: 21/37 MP: 4/4
  1450 | D:2      | Noticed Natasha
  1459 | D:2      | Killed Natasha
  2008 | D:2      | Found Demuomoto's Book Emporium.
  2260 | D:3      | Reached XP level 5. HP: 23/42 MP: 5/5
  2815 | D:3      | Learned a level 2 spell: Wereblood
  2969 | D:4      | Noticed an ogre
  2975 | D:4      | Killed an ogre
  2976 | D:4      | Reached skill level 1 in Spellcasting
  2976 | D:4      | Reached skill level 1 in Transmutations
  2976 | D:4      | Gained mutation: You have a small tail. [demonic ancestry]
  2976 | D:4      | Reached XP level 6. HP: 29/49 MP: 5/7
  3048 | D:4      | Noticed a small abomination
  3049 | D:4      | Found a one-way gate to the infinite horrors of the Abyss.
  3049 | D:4      | Noticed chud's ghost (amateur HuWn)
  3050 | D:4      | Noticed a toenail golem
  3069 | D:4      | Found a transporter.
  3072 | D:4      | Found a transporter.
  3749 | D:5      | Entered Level 5 of the Dungeon
  3816 | D:5      | Gained mutation: You have a tail ending in a sharp stinger.
                  | [demonic ancestry]
  3816 | D:5      | Reached XP level 7. HP: 24/55 MP: 10/10
  3990 | D:5      | Found a sand-covered staircase.
  3999 | Ossuary  | Entered an ossuary
  4254 | D:5      | Identified the ring of Otweirou {Will++ Int+6 Dex+4}
  4321 | D:5      | Reached skill level 5 in Fighting
  4426 | D:5      | Found a staircase to the Ecumenical Temple.
  4449 | Temple   | Entered the Ecumenical Temple
  4729 | Temple   | Became a worshipper of Qazlal Stormbringer
  4729 | Temple   | Reached * piety under Qazlal
  4729 | Temple   | Reached ** piety under Qazlal
  4901 | D:5      | Reached skill level 1 in Armour
  5141 | D:6      | Noticed a steam dragon
  5148 | D:6      | Killed a steam dragon
  5216 | D:6      | Gained mutation: You sometimes gain a little power by
                  | taking damage. [demonic ancestry]
  5216 | D:6      | Reached XP level 8. HP: 62/62 MP: 12/12
  5311 | D:6      | Reached skill level 5 in Axes
  5508 | D:6      | Noticed Menkaure
  5514 | D:6      | Killed Menkaure
  5825 | D:6      | Reached skill level 5 in Dodging
  5982 | D:7      | Noticed a troll
  5989 | D:7      | Killed a troll
  6237 | D:7      | Noticed Prince Ribbit
  6246 | D:7      | Killed Prince Ribbit
  6247 | D:7      | Gained mutation: A demonic guardian rushes to your aid.
                  | [demonic ancestry]
  6247 | D:7      | Reached XP level 9. HP: 41/69 MP: 12/14
  6504 | D:7      | Found Haontog's Antique Weapon Emporium.
  6951 | D:8      | Noticed Maurice
  6959 | D:8      | Killed Maurice
  7182 | D:8      | Reached skill level 1 in Invocations
  7263 | D:8      | Reached skill level 2 in Invocations
  7277 | D:8      | Found a staircase to the Lair.
  7278 | D:8      | Noticed a komodo dragon
  7302 | D:8      | Killed a komodo dragon
  7303 | D:8      | Reached skill level 3 in Invocations
  7408 | D:8      | Reached *** piety under Qazlal
  7495 | D:8      | Found Roinoc's Lightly-Used Armoury.
  7565 | D:8      | Reached skill level 4 in Invocations
  7762 | D:8      | Reached XP level 10. HP: 74/76 MP: 16/16
  8026 | Lair:1   | Entered Level 1 of the Lair of Beasts
  8031 | Lair:1   | Reached skill level 5 in Armour
  8031 | Lair:1   | Reached skill level 5 in Invocations
  8263 | Lair:1   | Reached skill level 6 in Invocations
  8651 | Lair:1   | Noticed a black mamba
  8659 | Lair:1   | Killed a black mamba
  8842 | Lair:1   | Identified the +0 helmet "Porrityl" {-Cast +Blink rN+
                  | Will+}
  8875 | Lair:1   | Reached skill level 7 in Invocations
  8875 | Lair:1   | Noticed a demonic crawler
  8897 | Lair:1   | Killed a demonic crawler
  9070 | Lair:1   | Noticed a black mamba
  9081 | Lair:1   | Killed a black mamba
  9082 | Lair:1   | Reached skill level 8 in Invocations
  9361 | Lair:1   | Reached **** piety under Qazlal
  9362 | Lair:1   | Reached XP level 11. HP: 57/81 MP: 17/17
  9552 | Lair:2   | Noticed a five-headed hydra
  9562 | Lair:2   | HP: 1/81 [nine-headed hydra (7)]
  9562 | Lair:2   | Slain by a nine-headed hydra

Illustrated notes

Levels and vault maps discovered:
D:1:      nzn_arrival_depleted_hourglass, layout_basic, serial_shops, shop,
          nicolae_houndstooth_variations
D:2:      layout_basic, serial_shops, nicolae_shop_getting_attention,
          uniq_natasha
D:3:      layout_basic
D:4:      minmay_angry_zag, layout_cave_pools, cheibrodos_sewer_entry_bend,
          gammafunk_ghost_abyssal_escape
D:5:      layout_basic, minmay_temple_entry_slanted, enter_ossuary_3
D:6:      layout_cave_pods, palyth_stone_intersect, uniq_menkaure
D:7:      layout_cave_pods, serial_shops, shop, serial_park_tiny_1,
          kennysheep_boxes, uniq_prince_ribbit1
D:8:      kennysheep_steamy, layout_loops_cross, david_lair_shrubbed,
          minmay_shop_damaged, uniq_maurice
Temple:   nicolae_temple_bog_church
Lair:1:   layout_layer_cave, special_room [special_room_bee], worms_lemuel,
          grunt_megastairs_2, infiniplex_staircase_pool
Lair:2:   layout_regular_city, minmay_shoals_entry_hut, st_stairs_10,
          grunt_megastairs_5, lemuel_fruit_fields, lemuel_fruit_fields

Skill      XL: |  1  2  3  4  5  6  7  8  9 10 |
---------------+-------------------------------+-----
Axes           | 3 4 6 7 |  7.8
Dodging        | 3 4 5 6 7 |  7.0
Fighting       | 4 5 6 |  6.2
Spellcasting   | 1 2 3 4 |  4.2
Transmutations | 1 2 3 4 |  4.1
Armour         | 1 2 4 7 |  7.1
Invocations    | 4 8 |  8.8

Action                     |  1- 3 |  4- 6 |  7- 9 | 10-12 || total
---------------------------+-------+-------+-------+-------++-------
  Melee: Hand axe          |    95 |    56 |       |       ||   151
         War axe           |       |    97 |   205 |   101 ||   403
         Tailslap          |       |     6 |    47 |    20 ||    73
   Cast: Wereblood         |       |       |     6 |     3 ||     9
    Use: Scroll            |       |       |     8 |     1 ||     9
         Potion            |       |       |       |     1 ||     1
 Armour: Robe              |    29 |    45 |    13 |       ||    87
         Steam dragon scal |       |       |    26 |    61 ||    87
  Dodge: Dodged            |    55 |   117 |   174 |   188 ||   534
  Block: Orb               |       |       |    19 |    39 ||    58

Table legend: (Time is in decaauts)
 A = Elapsed time spent in this place.
 B = Non-inter-level travel time spent in this place.
 C = Inter-level travel time spent in this place.
 D = Time resting spent in this place.
 E = Time spent auto-exploring this place.
 F = Levels seen in this place.
 G = Mean time per level.
                   A        B        C        D        E       F      G
               +--------+--------+--------+--------+--------+-----+--------+
         Total |   9709 |   9134 |    575 |      0 |   7719 |  12 |  809.1 |
       Dungeon |   7589 |   7209 |    380 |      0 |   6092 |   8 |  948.6 |
        Temple |    294 |    105 |    189 |      0 |    102 |   1 |  294.0 |
          Lair |   1571 |   1565 |      6 |      0 |   1348 |   2 |  785.5 |
       Ossuary |    253 |    253 |      0 |      0 |    175 |   1 |  253.0 |
               +--------+--------+--------+--------+--------+-----+--------+

Top non-repeatable levels by time:
  Lair:1: 1558 daAuts
     D:2: 1151 daAuts
     D:8: 1086 daAuts
     D:7: 1024 daAuts
     D:1: 977 daAuts
     D:4: 885 daAuts
     D:5: 846 daAuts
     D:6: 819 daAuts
     D:3: 798 daAuts
  Temple: 294 daAuts
 Ossuary: 253 daAuts
  Lair:2: 12 daAuts
